 Dungeon Crawl Stone Soup version 0.24.0-1-gfbc8707122 (webtiles) character file.

Game seed: 10704002039801132279, levelgen mode: deterministic

2846 MTVSty1e the Cleaver (level 9, -16/78 HPs)
             Began as a Minotaur Fighter on Oct 28, 2019.
             Demolished by a two-headed ogre
             ... wielding a +0 giant club
              (20 damage)
             ... on level 8 of the Dungeon.
             The game lasted 00:12:29 (6930 turns).

MTVSty1e the Cleaver (Minotaur Fighter)             Turns: 6930, Time: 00:12:30

Health: -16/78     AC: 13    Str: 24    XL:     9   Next: 46%
Magic:  7/7        EV:  7    Int:  5    God:
Gold:   277        SH:  0    Dex: 10    Spells: 8/8 levels left

rFire    . . .     SeeInvis .   a - +0 war axe
rCold    . . .     Gourm    .   c - +0 shield
rNeg     . . .     Faith    .   b - +1 scale mail
rPois    .         Spirit   .   (helmet restricted)
rElec    .         Reflect  .   B - scarf {repulsion}
rCorr    .         Harm     .   p - +0 pair of gloves
MR       +....     Clarity  +   y - +0 pair of boots
Stlth    ..........             (no amulet)
HPRegen  0.23/turn              s - ring of protection from magic
MPRegen  0.10/turn              (no ring)

@: confused, repel missiles
A: retaliatory headbutt, horns 2, icy blue scales 1, clarity, low mp 1, wild
magic 1
a: no special abilities


You were on level 8 of the Dungeon.
You were hungry.

You visited 2 branches of the dungeon, and saw 9 of its levels.

You collected 277 gold pieces.

Inventory:

Hand Weapons
 a - a +0 war axe (weapon)
 e - a +0 whip of flaming
Armour
 b - a +1 scale mail (worn)
 c - a +0 shield (worn)
 p - a +0 pair of gloves (worn)
 y - a +0 pair of boots (worn)
 B - a scarf of repulsion (worn)
Jewellery
 h - an uncursed amulet of rage {unknown}
 i - an uncursed amulet of magic regeneration
 r - an uncursed ring of magical power
 s - a ring of protection from magic (left hand)
Wands
 k - a wand of iceblast (8)
 x - a wand of flame (20)
Scrolls
 g - a scroll of teleportation
 l - 3 scrolls of remove curse
 m - 8 scrolls of identify
 o - 2 scrolls of amnesia
 q - 3 scrolls of enchant armour
 t - a scroll of fog {unknown}
 v - 5 scrolls of immolation
 A - a scroll of enchant weapon {unknown}
Potions
 d - a potion of lignification
 j - 2 potions of flight
 n - a potion of brilliance
 w - a potion of berserk rage {unknown}
 z - 3 potions of curing {unknown}
Comestibles
 f - 10 rations


   Skills:
 * Level 6.9 Fighting
 * Level 13.5 Axes
 + Level 5.5 Armour
 - Level 3.6 Shields


You had 8 spell levels left.
You didn't know any spells.
Your spell library was empty.

Dungeon Overview and Level Annotations

Branches:
Dungeon (8/15)             Temple (1/1) D:6
   Lair: D:8-11

Altars:
Ashenzari
Cheibriados
Dithmenos
Elyvilon
Fedhas
Gozag
Hepliaklqana
Kikubaaqudgha
Makhleb
Nemelex Xobeh
Qazlal
Ru
Sif Muna
Trog
Uskayaw
Wu Jian
Xom
Yredelemnul
Zin
The Shining One

Shops:
D:6 ((

Annotations:
D:3 2 runed translucent doors, inmateoo's ghost, amateur MiFi
D:5 3 runed translucent doors, ahub's ghost, novice GrFi


Innate Abilities, Weirdness & Mutations

You reflexively headbutt those who attack you in melee.
You have a pair of horns on your head.
You are partially covered in icy blue scales. (AC +2)
You possess an exceptional clarity of mind.
Your magical capacity is low. (-10% MP)
Your spells are a little harder to cast, but a little more powerful.


Message History

The two-headed ogre hits you with a +0 giant club!!
You slice the two-headed ogre!! You headbutt the two-headed ogre!
The two-headed ogre is heavily wounded.
You completely miss the two-headed ogre.
You headbutt the two-headed ogre, but do no damage.
The two-headed ogre is heavily wounded.
The two-headed ogre hits you with a +0 giant club!!
The two-headed ogre hits you with a +0 giant club!
* * * LOW HITPOINT WARNING * * *
You are too injured to fight recklessly!
It was a potion of ambrosia.
You are confused.
You feel invigorated.
The two-headed ogre hits you with a +0 giant club!
* * * LOW HITPOINT WARNING * * *
The two-headed ogre barely misses you.
The two-headed ogre hits you with a +0 giant club!
* * * LOW HITPOINT WARNING * * *
The two-headed ogre hits you with a +0 giant club!!
You die...

#.#### .## ##.##.#
..# #.....# #..#
#####.# ###...# #.#
#.....#
#####.#######.....##.
#..............≈≈....
###.#.#######...≈.###
#.#........@O...... #
#########.....###
......... ##.....###
#.....# #######


You could see a two-headed ogre.

Vanquished Creatures
  Pikel (D:4)
  Grinder (D:3)
  A hippogriff (D:4)
  Sigmund (D:2)
  A sky beast (D:6)
  3 phantoms
  2 ogres (D:4)
  2 centaurs (D:5)
  2 bullfrogs (D:6)
  A gnoll sergeant (D:7)
  2 scorpions
  A quasit (D:6)
  3 hounds
  3 jellies
  4 orc wizards
  Crazy Yiuf (D:4)
  3 orc priests
  5 worker ants
  A hound zombie (D:8)
  2 hound skeletons
  12 gnolls
  5 adders
  2 oozes
  7 dart slugs
  A leopard gecko (D:4)
  12 orcs
  7 bats
  6 giant cockroaches
  2 gnoll zombies (D:7)
  4 goblins
  7 hobgoblins
  10 jackals
  9 kobolds
  4 quokkas
  A ball python (D:1)
  4 frilled lizards
  5 rats
138 creatures vanquished.

Notes
Turn   | Place    | Note
-------+----------+-------------------------------------------
     0 | D:1      | MTVSty1e the Minotaur Fighter began the quest for the Orb.
     0 | D:1      | Reached XP level 1. HP: 19/19 MP: 0/0
    28 | D:1      | Reached skill level 3 in Axes
    42 | D:1      | Reached XP level 2. HP: 17/26 MP: 1/1
   249 | D:1      | Reached skill level 4 in Axes
   566 | D:1      | Reached XP level 3. HP: 26/31 MP: 2/2
   960 | D:2      | Noticed Sigmund
   971 | D:2      | Killed Sigmund
   971 | D:2      | Reached skill level 7 in Axes
   971 | D:2      | Reached XP level 4. HP: 25/39 MP: 3/3
   971 | D:2      | Reached XP level 5. HP: 29/45 MP: 4/4
  1617 | D:3      | Found a large runed translucent door.
  1618 | D:3      | Found a large runed translucent door.
  1620 | D:3      | Noticed inmateoo's ghost (amateur MiFi)
  1810 | D:3      | Reached XP level 6. HP: 50/51 MP: 5/5
  2066 | D:3      | You fall into a shaft and drop 3 floors!
  2075 | D:6      | Found Fosiamisma's Weapon Emporium.
  2125 | D:6      | Found Zeamaqat's Antique Weapon Shoppe.
  2134 | D:6      | Reached skill level 8 in Axes
  2313 | D:6      | Reached skill level 9 in Axes
  2365 | D:5      | Entered Level 5 of the Dungeon
  2419 | D:5      | Reached XP level 7. HP: 57/57 MP: 6/6
  2449 | D:5      | Found a runed translucent gate.
  2804 | D:4      | Reached skill level 10 in Axes
  3293 | D:4      | Found a white marble altar of Elyvilon.
  3348 | D:4      | Noticed Pikel
  3356 | D:4      | Killed Pikel
  3356 | D:4      | Reached skill level 11 in Axes
  3356 | D:4      | Reached XP level 8. HP: 47/64 MP: 7/7
  3447 | D:4      | Noticed a hippogriff
  3462 | D:4      | Killed a hippogriff
  3462 | D:4      | Reached skill level 12 in Axes
  3702 | D:4      | Noticed Grinder
  3873 | D:4      | Paralysed by Grinder for 7 turns
  3885 | D:3      | Paralysed by Grinder for 2 turns
  3891 | D:3      | Gained mutation: Your magical capacity is low. (-10% MP)
                  | [potion of mutation]
  3891 | D:3      | Gained mutation: Your spells are a little harder to cast,
                  | but a little more powerful. [potion of mutation]
  3891 | D:3      | Gained mutation: You possess an exceptional clarity of
                  | mind. [potion of mutation]
  3891 | D:3      | Gained mutation: You are partially covered in icy blue
                  | scales. (AC +2) [potion of mutation]
  3920 | D:3      | Killed Grinder
  4300 | D:4      | Found a runed translucent door.
  4301 | D:4      | Noticed Crazy Yiuf
  4572 | D:4      | Killed Crazy Yiuf
  4699 | D:5      | Reached skill level 5 in Fighting
  4739 | D:5      | Found a runed translucent gate.
  4740 | D:5      | Found a runed translucent gate.
  4747 | D:5      | Noticed ahub's ghost (novice GrFi)
  4906 | D:6      | You fall into a shaft and drop 2 floors!
  4959 | D:8      | Reached XP level 9. HP: 69/74 MP: 7/7
  4971 | D:8      | Reached skill level 13 in Axes
  5115 | D:6      | Found Ynimaup's Antique Weapon Shoppe.
  5433 | D:6      | Reached skill level 5 in Armour
  5500 | D:6      | Found a staircase to the Ecumenical Temple.
  5803 | Temple   | Entered the Ecumenical Temple
  6285 | D:7      | Found a basalt altar of Yredelemnul.
  6647 | D:7      | Found a hazy altar of Hepliaklqana.
  6924 | D:8      | Noticed a two-headed ogre
  6930 | D:8      | Demolished by a two-headed ogre

Levels and vault maps discovered:
D:1:      dpeg_arrival_chase, layout_loops_ring, serial_rivers,
          chequers_serial_rivers_micro_d, chequers_serial_rivers_small_b,
          chequers_serial_rivers_room_b, chequers_serial_rivers_micro_d,
          chequers_serial_rivers_micro_d, minmay_tromino_i2
D:2:      layout_rooms, first_ration, minmay_tiny_reverse_x, uniq_sigmund
D:3:      layout_loops_corners, ebering_ghost_disaster_area
D:4:      layout_loops_ring, elyvilon_altar_3, uniq_crazy_yiuf_cottage,
          uniq_grinder, uniq_pikel
D:5:      layout_basic, gammafunk_ghost_split
D:6:      layout_loops_corners, minmay_temple_entry_glassed_door, serial_shops,
          shop, shop, nicolae_shop_statue_plus
D:7:      layout_loops_ring, lemuel_zombie_altar_yredelemnul,
          nicolae_overflow_hidden_temple
D:8:      layout_basic, gammafunk_temple_overflow_elements, serial_shops,
          shop_fountains
Temple:   hc_temple_tempest_star

Skill      XL: |  1  2  3  4  5  6  7  8  9 |
---------------+----------------------------+-----
Axes           | 3 4 7 9 11 12 13 | 13.5
Fighting       | 5 6 |  6.9
Armour         | 4 5 |  5.5
Shields        | |  3.6

Action                   |  1- 3 |  4- 6 |  7- 9 || total
-------------------------+-------+-------+-------++-------
Melee: War axe           |    82 |    93 |   218 ||   393
       Headbutt          |    13 |    13 |    37 ||    63
  Use: Potion            |     1 |       |     8 ||     9
       Scroll            |       |       |    14 ||    14
  Eat: Ration            |       |     2 |     2 ||     4
       Chunk             |       |     1 |     4 ||     5
Armor: Scale mail        |    23 |    40 |    84 ||   147
       Skin              |       |       |     9 ||     9
Dodge: Dodged            |    20 |    34 |    65 ||   119
       Deflected         |       |       |     3 ||     3
Block: Shield            |    51 |    44 |    89 ||   184
